 Dungeon Crawl Stone Soup version 0.31-a0-355-g57cb03d3e8 (webtiles) character file.

Game seed: 6467819188253741757

2936 mopl the Martial Artist (level 9, 0/61 HPs)
             Began as an Octopode Shapeshifter on July 24, 2023.
             Slain by a vampire (3 damage)
             ... on level 9 of the Dungeon.
             The game lasted 00:08:08 (5556 turns).

mopl the Martial Artist (Octopode Shapeshifter)     Turns: 5556, Time: 00:08:08

Health: 0/61       AC:  1    Str: 14    XL:     9   Next: 80%
Magic:  9/9        EV: 24    Int: 10    God:
Gold:   292        SH:  8    Dex: 17    Spells: 8/8 levels left

rFire   . .          .
                       - Unarmed
rCold   . . .        G - +0 kite shield
rNeg    . . .        (helmet currently unavailable)
rPois   .            (no amulet)
rElec   .            x - +5 ring of evasion
rCorr   .            y - +5 ring of evasion
SInv    .            (no ring)
Will    .....        (no ring)
Stlth   +++          (no ring)
HPRegen 0.30/turn    (no ring)
MPRegen 0.11/turn    (no ring)
                     (no ring)

%: no passive effects
@: beast-form, attractive
A: beast (slay +5), almost no armour, amphibious, 8 rings, camouflage 1,
gelatinous body 1, (nimble swimmer 1), tentacles
a: Begin Untransformation


You were on level 9 of the Dungeon.
You were a hulking beast.
You visited 1 branch of the dungeon, and saw 9 of its levels.
You also visited: Sewer.

You collected 292 gold pieces.

Inventory:

Missiles
 g - 18 poisoned darts (quivered)
 m - 6 throwing nets
Armour
 G - a +0 kite shield (worn)
Jewellery
 w - the ring of New Discoveries {+Blink rPois rN+ Will- Str-3}
   (You found it on level 3 of the Dungeon)

   [ring of positive energy]

   Str:       It affects your strength (-3).
   rPois:     It protects you from poison.
   rN:        It protects you from negative energy.
   +Blink:    It lets you blink.
   Will:      It decreases your willpower.
 x - a +5 ring of evasion (left tentacle)
 y - a +5 ring of evasion (right tentacle)
Talismans
 b - a beast talisman
 E - a dragon-blood talisman
Wands
 A - a wand of flame (35)
 B - a wand of roots (12)
Scrolls
 c - a scroll of fog {unknown}
 d - 2 scrolls of noise {unknown}
 h - 3 scrolls of enchant weapon {unknown}
 i - 5 scrolls of teleportation
 j - a scroll of poison
 k - a scroll of revelation {unknown}
 l - 2 scrolls of silence {unknown}
 s - a scroll of amnesia {unknown}
 t - a scroll of enchant armour
 v - 3 scrolls of fear
 D - a scroll of acquirement {unknown}
 F - a scroll of blinking {unknown}
 H - a scroll of vulnerability {unknown}
Potions
 a - 2 potions of lignification {!q}
 e - 5 potions of curing
 f - a potion of attraction
 n - 2 potions of invisibility
 o - a potion of might
 p - a potion of enlightenment
 q - 2 potions of ambrosia {unknown}
 r - 2 potions of magic
 u - 3 potions of degeneration {unknown}
 z - a potion of haste {unknown}
 C - a potion of resistance


   Skills:
 + Level 5.2 Fighting
 + Level 5.5 Dodging
 * Level 8.4 Unarmed Combat
 * Level 7.1 Shapeshifting


You had 8 spell levels left.
You didn't know any spells.
Your spell library contained the following spells:

 Spells                   Type           Power      Damage    Failure   Level
 Apportation              Tloc           0%         N/A       82%         1
 Necrotise                Necr           0%         1d4       82%         1
 Summon Small Mammal      Summ           0%         N/A       82%         1
 Ensorcelled Hibernation  Hex/Ice        0%         N/A       91%         2
 Poisonous Vapours        Pois/Air       0%         N/A       91%         2
 Mephitic Cloud           Conj/Pois/Air  0%         N/A       99%         3
 Anguish                  Hex/Necr       0%         N/A       100%        4
 Freezing Cloud           Conj/Ice/Air   0%         6-21      100%        5


Dungeon Overview and Level Annotations

Branches:
Dungeon (8/15)               Lair (0/5) D:9           Sewer (visited)
 Temple: D:4-7

Altars:
Ashenzari
Cheibriados
Gozag
Qazlal
Wu Jian
Yredelemnul
The Shining One

Shops:
D:1 [


Innate Abilities, Weirdness & Mutations

You are a hulking beast.
Your limbs bulge with bestial killing power. (Slay +5)
You cannot wear most types of armour.
You are amphibious.
You can wear up to eight rings at the same time.
Your skin changes colour to match your surroundings (Stealth+).
Your rubbery body absorbs attacks. (AC +1, EV +1)
((You are camouflaged when in or above water. (Stealth+)))
You have tentacles for arms and can constrict up to eight enemies at once.


Message History

You batter the bullfrog!!
You kill the bullfrog!
You tentacle-slap something but do no damage.
Something hits you. Something barely misses you.
You tentacle-slap something. Your squeeze misses something. Something hits you!
Something bites you.
Something draws strength from your injuries!
You tentacle-slap something. Something hits you! Something closely misses you.
You tentacle-slap something.
You hear some strange, mumbled words.
Something tries to affect you, but you resist.
You tentacle-slap something but do no damage.
Something closely misses you. Something completely misses you.
You miss something. Your squeeze misses something.
Something closely misses you. Something bites you.
Something draws strength from your injuries!
You bludgeon something! Something barely misses you.
You block something's attack.
You tentacle-slap something. Something closely misses you. Something bites you.
Something draws strength from your injuries!
You closely miss something. Your squeeze misses something.
Something misses you. You block something's attack.
You tentacle-slap something. Something barely misses you.
Something closely misses you.
You tentacle-slap something but do no damage.
Something misses you. Something bites you!
* * * LOW HITPOINT WARNING * * *
Something draws strength from your injuries!
You tentacle-slap something but do no damage.
You squeeze something. Something draws life force from you!
* * * LOW HITPOINT WARNING * * *
It was a potion of curing.
You feel better.
A yak comes into view.
Something hits you!
* * * LOW HITPOINT WARNING * * *
Something barely misses you.
It was a potion of attraction.
You feel attractive to monsters. Something hits you.
You die...

#..# #..# #...# #..# #.>Y#
#..# #...# #..# #...# .. ##..#
#...# ... ####...## ##...#
..>. .......[.#####....##
#....
#.....##.#..{h.....######.....
##..## #...#######............
#. #)..###♣♣♣♣♣###.....).... #
#.###♣♣♣....♣♣###.####... #.
♣♣.........♣♣#..# .
♣...........♣##.## #.
♣............♣#..# .
♣............♣##.#
♣.._..♣♣♣♣♣♣..♣#.#


You could see a yak.

Vanquished Creatures
  Pikel (D:4)
  Sigmund (D:4)
  A steam dragon (D:6)
  Duvessa (D:7)
  A black bear (D:5)
  An ice beast (D:6)
  2 sky beasts
  2 ogres
  A lemure (D:4)
  2 phantoms
  Blork the orc (D:4)
  3 bullfrogs
  A gnoll sergeant (D:6)
  A scorpion (D:5)
  Dowan (D:7)
  4 orc priests
  4 hounds
  A jelly (D:6)
  3 gnoll boudas
  An orc wizard (D:6)
  2 sleepcaps
  Natasha (thrice) (D:3)
  2 ogre zombies (D:4)
  Robin (D:3)
  22 gnolls
  8 adders
  5 river rats (Sewer)
  A shadow imp (D:5)
  2 white imps (D:6)
  An ufetubus (D:6)
  2 worms
  11 orcs
  5 bats
  9 endoplasms
  9 giant cockroaches
  15 goblins
  9 hobgoblins
  11 quokkas
  13 ball pythons
  9 frilled lizards
  11 kobolds
  19 rats
203 creatures vanquished.

Notes
Turn   | Place    | Note
-------+----------+-------------------------------------------
     0 | D:1      | mopl the Octopode Shapeshifter began the quest for the Orb.
     0 | D:1      | Reached XP level 1. HP: 13/13 MP: 1/1
    30 | D:1      | Found Zuhed's Antique Armour Emporium.
    71 | D:1      | Reached XP level 2. HP: 18/18 MP: 2/2
   362 | D:1      | Reached XP level 3. HP: 23/23 MP: 3/3
   971 | D:2      | HP: 1/23 [gnoll/+0 halberd (10)]
   973 | D:2      | Reached XP level 4. HP: 1/28 MP: 4/4
  1501 | D:3      | Reached skill level 4 in Unarmed Combat
  1514 | D:3      | Found a glowing drain.
  1534 | Sewer    | Entered a sewer
  1570 | Sewer    | Reached XP level 5. HP: 23/34 MP: 5/5
  1627 | Sewer    | Reached skill level 2 in Fighting
  2004 | D:3      | Reached skill level 4 in Shapeshifting
  2027 | D:3      | Identified the ring of New Discoveries {+Blink rPois rN+
                  | Will- Str-3}
  2165 | D:3      | Found an opulent altar of Gozag.
  2168 | D:3      | Noticed Robin
  2179 | D:3      | Killed Robin
  2180 | D:3      | Reached XP level 6. HP: 31/39 MP: 6/6
  2202 | D:3      | Found a broken altar of Ashenzari.
  2270 | D:3      | Noticed Natasha
  2277 | D:3      | Killed Natasha
  2278 | D:3      | Reached skill level 3 in Dodging
  2308 | D:3      | Found a snail-covered altar of Cheibriados.
  2367 | D:3      | Noticed Natasha
  2371 | D:3      | Killed Natasha
  2396 | D:3      | Noticed Natasha
  2402 | D:3      | Killed Natasha
  2870 | D:4      | Reached skill level 5 in Unarmed Combat
  2883 | D:4      | Reached XP level 7. HP: 38/45 MP: 7/7
  2902 | D:4      | Noticed Sigmund
  2904 | D:4      | Found a glowing golden altar of the Shining One.
  2910 | D:4      | Killed Sigmund
  2911 | D:4      | Reached skill level 3 in Fighting
  3055 | D:4      | Found a transporter.
  3235 | D:4      | Found an ornate altar of the Wu Jian Council.
  3265 | D:4      | Noticed Pikel
  3328 | D:4      | Killed Pikel
  3329 | D:4      | Reached skill level 4 in Dodging
  3329 | D:4      | Reached skill level 6 in Unarmed Combat
  3329 | D:4      | Reached skill level 5 in Shapeshifting
  3329 | D:4      | Reached XP level 8. HP: 47/54 MP: 8/8
  3331 | D:4      | Noticed Blork the orc
  3341 | D:4      | Killed Blork the orc
  3460 | D:4      | Found a transporter.
  3930 | D:5      | Entered Level 5 of the Dungeon
  3953 | D:4      | Reached skill level 4 in Fighting
  4051 | D:5      | Reached skill level 6 in Shapeshifting
  4055 | D:5      | Reached skill level 7 in Unarmed Combat
  4197 | D:5      | Reached XP level 9. HP: 59/59 MP: 9/9
  4278 | D:5      | Found a stormy altar of Qazlal.
  4444 | D:6      | Reached skill level 5 in Dodging
  4631 | D:7      | Noticed Duvessa
  4631 | D:7      | Noticed Dowan
  4735 | D:7      | Killed Duvessa
  4737 | D:7      | Killed Dowan
  4738 | D:7      | Reached skill level 5 in Fighting
  4738 | D:7      | Reached skill level 8 in Unarmed Combat
  4864 | D:8      | Reached skill level 7 in Shapeshifting
  5484 | D:6      | You fall into a shaft and drop 3 floors!
  5485 | D:9      | Found a basalt altar of Yredelemnul.
  5518 | D:9      | Found a staircase to the Lair.
  5554 | D:9      | HP: 2/61 [something (16)]
  5556 | D:9      | Slain by a vampire

Illustrated notes

Levels and vault maps discovered:
D:1:      minmay_arrival_jagged, layout_loops_ring, serial_shops, shop_statue,
          minmay_tetromino_o2
D:2:      layout_loops_cross
D:3:      layout_basic, lemuel_doored_altar, mainiacjoe_overflow_cross_hatched,
          cheibriados_altar_1, portal_sewer_entry_f, uniq_robin, uniq_natasha
D:4:      gammafunk_cloud_chamber, layout_basic, tso_metal_star,
          nzn_wu_jian_contemplation, grunt_ministairs_12, uniq_sigmund,
          uniq_pikel, uniq_blork_the_orc
D:5:      layout_rooms, nicolae_qazlal_beasts_of_the_sky
D:6:      layout_basic, minmay_temple_entry_fiery
D:7:      layout_rooms, nzn_makhleb_speed_demon, nicolae_ru_awakened_eye,
          led_sif_pool, minmay_misc_feat_enclosed, uniq_duvessa, uniq_joseph
D:8:      layout_basic, nicolae_shop_overcharged_wands, uniq_erica
D:9:      layout_layer_cave, kennysheep_ying_yang, marbit_many_paths,
          mainiacjoe_overflow_boulevard, lair_entry_dummy

Skill      XL: |  1  2  3  4  5  6  7  8  9 |
---------------+----------------------------+-----
Unarmed Combat | 4 5 6 7 8 |  8.4
Fighting       | 2 3 4 5 |  5.2
Shapeshifting  | 4 5 6 7 |  7.1
Dodging        | 3 4 5 |  5.5

Action                     |  1- 3 |  4- 6 |  7- 9 || total
---------------------------+-------+-------+-------++-------
  Melee: Unarmed           |    68 |   167 |   204 ||   439
         Constrict         |    14 |    40 |    51 ||   105
         Tentacles         |    11 |    31 |    45 ||    87
         Punch             |       |     5 |    14 ||    19
  Throw: Dart              |       |     3 |       ||     3
  Evoke: Wand              |       |       |     6 ||     6
    Use: Scroll            |       |     7 |     1 ||     8
         Potion            |       |       |     2 ||     2
   Stab: Sleeping          |    15 |    18 |     4 ||    37
         Distracted        |       |     1 |     1 ||     2
 Armour: Skin              |     7 |    13 |     2 ||    22
  Dodge: Dodged            |    38 |   105 |   231 ||   374
  Block: Kite shield       |       |       |     4 ||     4

Table legend: (Time is in decaauts)
 A = Elapsed time spent in this place.
 B = Non-inter-level travel time spent in this place.
 C = Inter-level travel time spent in this place.
 D = Time resting spent in this place.
 E = Time spent auto-exploring this place.
 F = Levels seen in this place.
 G = Mean time per level.
                   A        B        C        D        E       F      G
               +--------+--------+--------+--------+--------+-----+--------+
         Total |   5520 |   5257 |    263 |   1113 |   2698 |  10 |  552.0 |
       Dungeon |   5104 |   4841 |    263 |   1080 |   2509 |   9 |  567.1 |
         Sewer |    415 |    415 |      0 |     33 |    189 |   1 |  415.0 |
               +--------+--------+--------+--------+--------+-----+--------+

Top non-repeatable levels by time:
     D:4: 1279 daAuts
     D:2: 871 daAuts
     D:3: 784 daAuts
     D:1: 609 daAuts
     D:6: 475 daAuts
   Sewer: 415 daAuts
     D:5: 387 daAuts
     D:8: 362 daAuts
     D:7: 261 daAuts
     D:9: 72 daAuts
